 Dungeon Crawl Stone Soup version 0.18.1-48-g4cf74bf (webtiles) character file.

714 luca467 the Skirmisher (level 7, -4/53 HPs)
             Began as an Octopode Fighter on Sept 12, 2016.
             Slain by a sky beast (5 damage)
             ... on level 5 of the Dungeon.
             The game lasted 00:19:28 (5135 turns).

luca467 the Skirmisher (Octopode Fighter)           Turns: 5135, Time: 00:19:28

Health: -4/53      AC:  1    Str: 15    XL:     7   Next: 69%
Magic:  7/7        EV: 11    Int: 10    God:
Gold:   184        SH: 11    Dex: 14    Spells: 0 memorised, 6 levels left

rFire  . . .     SeeInvis .     a - +0 long sword
rCold  . . .     Gourm    .     b - +2 shield
rNeg   + . .     Faith    .     (helmet restricted)
rPois  +         Spirit   .     (no amulet)
rElec  .         Dismiss  .     e - ring of positive energy
rCorr  .         Reflect  .     n - ring of poison resistance
SustAt .         Harm     .     (no ring)
MR     .....                    (no ring)
Stlth  ++........               (no ring)
                                (no ring)
                                (no ring)
                                (no ring)

@: not resistant to hostile enchantments, unstealthy
A: almost no armour, amphibious, 8 rings, constrict 8, camouflage 1, gelatinous
body 1
a: no special abilities


You were on level 5 of the Dungeon.
You were not hungry.

You visited 1 branch of the dungeon, and saw 6 of its levels.

You collected 184 gold pieces.

Inventory:

Hand Weapons
 a - a +0 long sword (weapon)
 j - a +1 dagger of holy wrath
 p - a +0 dagger
 s - a +2 dagger of protection
Armour
 b - a +2 shield (worn)
Jewellery
 e - a ring of positive energy (left tentacle)
 n - a ring of poison resistance (right tentacle)
 o - an uncursed ring of wizardry
Scrolls
 g - a scroll of teleportation
 i - 5 scrolls of identify
 q - a scroll of fog {unknown}
 r - a scroll of magic mapping
Potions
 c - 2 potions of might
 k - a potion of flight
 l - a potion of brilliance {unknown}
Comestibles
 d - 3 bread rations
 f - a slice of pizza
 h - 2 beef jerkies


   Skills:
 * Level 6.5 Fighting
 * Level 6.1 Long Blades
 - Level 3.0 Dodging
 - Level 3.0 Shields


You had 6 spell levels left.
You didn't know any spells.

Dungeon Overview and Level Annotations

Branches:
Dungeon (6/15)
 Temple: D:4-7

Altars:
Gozag
Nemelex Xobeh
The Shining One

Annotations:
D:3 Sigmund


Innate Abilities, Weirdness & Mutations

You cannot wear most types of armour.
You are amphibious.
You can wear up to eight rings at the same time.
You can use your tentacles to constrict eight enemies at once.
Your skin changes colour to match your surroundings (Stealth).
Your rubbery body absorbs attacks (AC +1).


Message History

The gnoll hits you.
* * * LOW HITPOINT WARNING * * *
The sky beast flickers out of sight!
Deactivating autopickup; reactivate with Ctrl-A.
A sky beast appears from thin air!
Reactivating autopickup.
You block the sky beast's attack.
The sky beast flickers out of sight!
Deactivating autopickup; reactivate with Ctrl-A.
There is a stone staircase leading down here.
Something hits you.
* * * LOW HITPOINT WARNING * * *
Something shocks you.
* * * LOW HITPOINT WARNING * * *
You climb downwards.
There is a stone staircase leading up here.
You hit something. Your squeeze misses something. Something hits you.
* * * LOW HITPOINT WARNING * * *
Something shocks you.
You die... ######### .......@# #########

There were no monsters in sight!

Vanquished Creatures
  An ogre (D:5)
  A centaur (D:5)
  A giant frog zombie (D:5)
  A crimson imp (D:5)
  A wasp zombie (D:4)
  2 hounds
  3 orc priests (D:3)
  Crazy Yiuf (D:4)
  2 orc wizards
  8 adders
  4 gnolls
  2 oozes
  A worm (D:3)
  6 giant geckos
  8 orcs
  6 bats
  9 giant cockroaches
  12 goblins
  7 hobgoblins
  4 jackals (D:3)
  6 kobolds
  A quokka (D:2)
  2 ball pythons
  A giant gecko skeleton (D:4)
  7 giant newts
  A jackal skeleton (D:4)
  3 rats
  A fungus (D:4)
102 creatures vanquished.

Vanquished Creatures (others)
  A gnoll (D:4)
1 creature vanquished.

Grand Total: 103 creatures vanquished

Notes
Turn   | Place    | Note
--------------------------------------------------------------
     0 | D:1      | luca467 the Octopode Fighter began the quest for the Orb.
     0 | D:1      | Reached XP level 1. HP: 16/16 MP: 1/1
   254 | D:1      | Reached XP level 2. HP: 19/21 MP: 2/2
  1023 | D:1      | Reached XP level 3. HP: 20/26 MP: 3/3
  1324 | D:2      | Reached XP level 4. HP: 30/33 MP: 4/4
  1402 | D:2      | Found a glowing golden altar of the Shining One.
  1615 | D:2      | Found a sparkling altar of Nemelex Xobeh.
  2289 | D:3      | Noticed Sigmund
  2520 | D:3      | Reached XP level 5. HP: 36/38 MP: 5/5
  3323 | D:3      | Reached skill level 5 in Fighting
  3327 | D:3      | Reached XP level 6. HP: 18/45 MP: 6/6
  3616 | D:3      | Found an opulent altar of Gozag.
  4072 | D:4      | Reached skill level 5 in Long Blades
  4293 | D:4      | Found a sparkling altar of Nemelex Xobeh.
  4626 | D:4      | Noticed Crazy Yiuf
  4632 | D:4      | Killed Crazy Yiuf
  4632 | D:4      | Reached XP level 7. HP: 43/51 MP: 7/7
  4714 | D:5      | Entered Level 5 of the Dungeon
  5135 | D:5      | HP: 1/53 [something (4)]
  5135 | D:5      | Slain by a sky beast

Skill      XL: |  1  2  3  4  5  6  7 |
---------------+----------------------+-----
Long Blades    | 3 4 5 6 |  6.1
Fighting       | 4 5 6 |  6.5
Dodging        | |  3.0
Shields        | |  3.0

Action                   |  1- 3 |  4- 6 |  7- 9 || total
-------------------------+-------+-------+-------++-------
Melee: Long sword        |    59 |   158 |    24 ||   241
       Constrict         |    14 |    37 |     3 ||    54
       Tentacles         |     7 |    27 |     8 ||    42
  Use: Scroll            |     5 |     8 |       ||    13
       Potion            |       |       |     3 ||     3
 Stab: Sleeping          |     6 |     9 |       ||    15
  Eat: Chunk             |     1 |    11 |     1 ||    13
Armor: Skin              |     3 |    10 |     3 ||    16
Dodge: Dodged            |    23 |    62 |    18 ||   103
Block: Shield            |    20 |    60 |    27 ||   107
